 Dungeon Crawl Stone Soup version 0.32-a0-886-g41c5271027 (webtiles) character file.

Game seed: 15423935251437455669

54 javelincjr the Caller (level 3, -2/21 HPs)
             Began as an Octopode Summoner on Apr 2, 2024.
             Slain by an orc wizard
             ... wielding a +0 dagger
              (3 damage)
             ... on level 2 of the Dungeon.
             The game lasted 00:03:37 (864 turns).

javelincjr the Caller (Octopode Summoner)            Turns: 864, Time: 00:03:38

Health: -2/21      AC:  1    Str:  7    XL:     3   Next: 91%
Magic:  7/7        EV: 12    Int: 19    God:
Gold:   13         SH:  0    Dex: 12    Spells: 4/7 levels left

rFire   . . .        d - staff of air
rCold   . . .        (no shield)
rNeg    . . .        (helmet restricted)
rPois   .            b - amulet of magic regeneration
rElec   +            (no ring)
rCorr   .            (no ring)
SInv    .            (no ring)
Will    .....        (no ring)
Stlth   ++           (no ring)
HPRegen 0.23/turn    (no ring)
MPRegen 0.50/turn    (no ring)
                     (no ring)

%: no passive effects
@: confused
A: almost no armour, amphibious, 8 rings, camouflage 1, gelatinous body 1,
(nimble swimmer 1), tentacles
a: no special abilities


You were on level 2 of the Dungeon.
You visited 1 branch of the dungeon, and saw 2 of its levels.

You collected 13 gold pieces.

Inventory:

Magical Staves
 d - a staff of air (weapon)
Jewellery
 b - an amulet of magic regeneration (around mantle)
Scrolls
 c - a scroll of summoning {unknown}
Potions
 a - a potion of magic


   Skills:
 + Level 2.3 Dodging
 + Level 3.3 Stealth
 * Level 2.7 Spellcasting
 * Level 4.5 Summonings


You had 4 spell levels left.
You knew the following spells:

 Your Spells              Type           Power      Damage    Failure   Level
a - Summon Small Mammal   Summ           76%        N/A       2%          1
b - Call Imp              Summ           38%        N/A       3%          2

Your spell library contained the following spells:

 Spells                   Type           Power      Damage    Failure   Level
 Call Canine Familiar     Summ           19%        N/A       8%          3
 Summon Blazeheart Golem  Fire/Summ      11%        N/A       52%         4
 Summon Lightning Spire   Summ/Air       16%        N/A       52%         4


Dungeon Overview and Level Annotations

Branches:
Dungeon (2/15)

Altars:


Innate Abilities, Weirdness & Mutations

You cannot wear most types of armour.
You are amphibious.
You can wear up to eight rings at the same time.
Your skin changes colour to match your surroundings (Stealth+).
Your rubbery body absorbs attacks. (AC +1, EV +1)
((You are camouflaged when in or above water. (Stealth+)))
You have tentacles for arms and can constrict up to eight enemies at once.


Message History

Your cerulean imp closely misses the orc wizard.
Your bat hits the orc wizard but does no damage.
The orc wizard points at you and mumbles some strange words.
You are more confused.
The orc closely misses your bat. The orc wizard closely misses you.
Your rat bites the orc wizard.
Your bat hits the orc wizard but does no damage.
Your bat barely misses the orc wizard.
Your cerulean imp hits the orc wizard from afar with a -3 spear.
Your bat hits the orc wizard.
The orc wizard hits you with a +0 dagger.
* * * LOW HITPOINT WARNING * * *
The orc closely misses your bat.
The orc wizard hits you but does no damage.
Your rat bites the orc wizard.
Your bat hits the orc wizard.
Your bat barely misses the orc wizard.
Your cerulean imp closely misses the orc wizard.
Your bat hits the orc wizard. The orc wizard closely misses you.
The orc closely misses your bat. The orc wizard closely misses you.
Your rat bites the orc wizard.
Your bat closely misses the orc wizard.
Your cerulean imp hits the orc wizard but does no damage.
The orc wizard hits your rat with a +0 dagger.
Your rat dies!
Your rat's corpse disappears in a puff of smoke!
You hit the orc wizard. Your squeeze misses the orc wizard.
The orc wizard is moderately wounded.
Your bat closely misses the orc.
Your bat barely misses the orc.
Your cerulean imp closely misses the orc wizard. x2
You bump into the rock wall.
The orc wizard hits you with a +0 dagger.
* * * LOW HITPOINT WARNING * * *
The orc wizard hits you with a +0 dagger.
* * * LOW HITPOINT WARNING * * *
Your bat hits the orc wizard but does no damage.
Your cerulean imp closely misses the orc wizard.
Okay, then.
You bump into the rock wall.
Your bat barely misses the orc wizard.
The orc wizard hits you with a +0 dagger.
You die...

.. ..# #. ##.#
.....# . #.#..#
..###.#..#
......b..#
......5.o####.#
#oo@.....#
......S########
.###... .....
###... #...
.... .....


You could see 2 orc wizards, an adder, an orc, a friendly cerulean imp
(summoned) and a friendly bat (summoned).

Vanquished Creatures
  An orc (D:2)
  A ball python (D:1)
  4 bats (D:1)
  A giant cockroach (D:1)
  A kobold (D:1)
  A rat (D:1)
9 creatures vanquished.

Vanquished Creatures (collateral kills)
  An orc wizard (D:2)
  A dart slug (D:1)
  4 bats (D:1)
  2 endoplasms (D:1)
  A giant cockroach (D:1)
  2 goblins (D:1)
  3 hobgoblins (D:1)
  A ball python (D:1)
  A frilled lizard (D:1)
  A rat (D:1)
17 creatures vanquished.

Grand Total: 26 creatures vanquished

Notes
Turn   | Place    | Note
-------+----------+-------------------------------------------
     0 | D:1      | javelincjr the Octopode Summoner began the quest for the
                  | Orb.
     0 | D:1      | Reached XP level 1. HP: 11/11 MP: 3/3
   120 | D:1      | Reached XP level 2. HP: 17/17 MP: 0/5
   123 | D:1      | Learned a level 2 spell: Call Imp
   605 | D:1      | Reached XP level 3. HP: 13/21 MP: 4/6
   863 | D:2      | HP: 1/21 [orc wizard/+0 dagger (3)]
   864 | D:2      | Slain by an orc wizard

Illustrated notes

Levels and vault maps discovered:
D:1:      wander_arrival_estate, layout_basic
D:2:      layout_basic, ebering_ecumenical_altar_box, basic_altar,
          minmay_splitting_lines, hangedman_glass_teeth, serial_bayou_lake_a,
          uniq_crazy_yiuf_cottage

Skill      XL: |  1  2 |
---------------+-------+-----
Stealth        | 3 |  3.3
Dodging        | |  2.3
Spellcasting   | |  2.7
Summonings     | |  4.5

Action                     || total
---------------------------++-------
  Melee: Unarmed           ||    12
         Constrict         ||     8
         Tentacles         ||     3
         Staff             ||    10
   Cast: Summon Small Mamm ||    24
         Call Imp          ||    12
   Stab: Sleeping          ||     2
 Armour: Skin              ||    32
  Dodge: Dodged            ||    20

Table legend: (Time is in decaauts)
 A = Elapsed time spent in this place.
 B = Non-inter-level travel time spent in this place.
 C = Inter-level travel time spent in this place.
 D = Time resting spent in this place.
 E = Time spent auto-exploring this place.
 F = Levels seen in this place.
 G = Mean time per level.
                   A        B        C        D        E       F      G
               +--------+--------+--------+--------+--------+-----+--------+
         Total |    865 |    865 |      0 |      0 |    633 |   2 |  432.5 |
       Dungeon |    865 |    865 |      0 |      0 |    633 |   2 |  432.5 |
               +--------+--------+--------+--------+--------+-----+--------+

Top non-repeatable levels by time:
     D:1: 848 daAuts
     D:2: 16 daAuts
